 Dungeon Crawl Stone Soup version 0.22-a0-274-gf8199ec (webtiles) character file.

1240 sankara the Basher (level 8, 0/61 HPs)
             Began as a Ghoul Skald on Mar 14, 2018.
             Was a Follower of Kikubaaqudgha.
             Slain by a troll (1 damage)
             ... on level 7 of the Dungeon.
             The game lasted 00:18:55 (5570 turns).

sankara the Basher (Ghoul Skald)                    Turns: 5570, Time: 00:18:56

Health: 0/61       AC:  6    Str: 15    XL:     8   Next: 49%
Magic:  3/9        EV: 11    Int: 10    God:    Kikubaaqudgha [*.....]
Gold:   410        SH:  0    Dex:  8    Spells: 3/10 levels left

rFire    . . .     SeeInvis .   a - +2 whip (venom)
rCold    + + .     Gourm    .   (no shield)
rNeg     + + +     Faith    .   h - +2 leather armour {rC+}
rPois    ∞         Spirit   .   (no helmet)
rElec    .         Reflect  .   p - +0 cloak
rCorr    +         Harm     .   (no gloves)
MR       .....                  (no boots)
Stlth    ++........             n - amulet of the acrobat
HPRegen  0.00/turn              i - ring of resist corrosion
MPRegen  0.11/turn              l - ring of stealth {Stlth+}

@: very slightly contaminated, rotting, invisible
A: rotting body, claws 1, carnivore, cold resistance 1, negative energy
resistance 3, inhibited regeneration, torment resistance, unbreathing
a: Receive Corpses, Renounce Religion


You were on level 7 of the Dungeon.
You worshipped Kikubaaqudgha.
Kikubaaqudgha was aware of your devotion.
You were not hungry.

You visited 2 branches of the dungeon, and saw 8 of its levels.

You collected 410 gold pieces.

Inventory:

Hand Weapons
 a - a +2 whip of venom (weapon)
   (You took it off a kobold on level 1 of the Dungeon)
Missiles
 e - 202 stones (quivered)
 f - 11 sling bullets
 g - 5 javelins
 j - 9 tomahawks
Armour
 h - a +2 leather armour of cold resistance (worn)
   (You found it on level 1 of the Dungeon)
 p - a +0 cloak (worn)
   (You found it on level 6 of the Dungeon)
Jewellery
 c - an uncursed ring of ice {rC+, rF-}
   (You found it on level 2 of the Dungeon)
 i - a ring of resist corrosion (left claw)
   (You found it on level 1 of the Dungeon)
 l - a ring of stealth (right claw) {Stlth+}
   (You found it on level 4 of the Dungeon)
 n - an amulet of the acrobat (around neck)
   (You found it on level 4 of the Dungeon)
Wands
 s - a wand of paralysis (10)
   (You found it on level 5 of the Dungeon)
 w - a wand of random effects (17)
   (You found it on level 6 of the Dungeon)
Scrolls
 b - 5 scrolls of identify {unknown}
 m - a scroll of enchant armour {unknown}
 o - a scroll of random uselessness {unknown}
 r - a scroll of acquirement {unknown}
 t - a scroll of fog {unknown}
 v - 3 scrolls of immolation {unknown}
Potions
 k - a potion of curing {unknown}
 u - 2 potions of might {unknown}
Comestibles
 d - 8 rations


   Skills:
 - Level 2.1 Fighting
 + Level 8.6 Maces & Flails
 - Level 0.8 Armour
 - Level 1.7 Dodging
 - Level 1.7 Spellcasting
 - Level 2.6 Charms
 + Level 3.5 Necromancy


You had 3 spell levels left.
You knew the following spells:

 Your Spells              Type           Power        Failure   Level  Hunger
a - Infusion              Chrm           #...         13%         1    ##.....
b - Shroud of Golubria    Chrm/Tloc      #.........   34%         2    ###....
c - Regeneration          Chrm/Necr      #.........   32%         3    ####...
d - Pain                  Necr           #...         10%         1    ##.....


Dungeon Overview and Level Annotations

Branches:
Dungeon (7/15)             Temple (1/1) D:6

Altars:
Ashenzari
Cheibriados
Dithmenos
Elyvilon
Fedhas
Hepliaklqana
Kikubaaqudgha
Makhleb
Qazlal
Ru
Trog
Uskayaw
Vehumet
Wu Jian
Xom
Yredelemnul
Zin
The Shining One

Shops:
D:4 *


Innate Abilities, Weirdness & Mutations

Your body is rotting away.
You thrive on raw meat.
You are immune to poison.
You have sharp fingernails.
You are carnivorous and can eat meat at any time.
Your flesh is cold resistant. (rC+)
You are immune to negative energy. (rN+++)
You do not regenerate when monsters are visible.
You are immune to unholy pain and torment.
You can survive without breathing.


Message History

You closely miss the adder.
The adder is heavily wounded.
The adder barely misses you.
You miss the adder.
The adder is heavily wounded.
The adder bites you but does no damage.
You miss the adder.
The adder is heavily wounded.
You barely miss the adder.
The adder is heavily wounded.
The adder bites you but does no damage.
You hit the adder.
The adder is poisoned.
The adder is severely wounded.
The adder bites you but does no damage.
You closely miss the adder.
The adder is severely wounded.
The adder bites you.
You barely miss the adder.
The adder is severely wounded.
The adder misses you.
You miss the adder.
The adder is severely wounded.
You kill the adder!
Kikubaaqudgha accepts your kill.
You see here an adder corpse.
You butcher the adder corpse.
x - 2 chunks of flesh {@w0} You start resting.
The sentinel's mark upon you fades away.
You start resting.
Magic restored.
HP restored.
You see here a quarterstaff.
You now have 410 gold pieces (gained 21).
Done exploring.
Done exploring.
Key pressed, stopping travel.
There is an open door here.
There is a staircase to the Ecumenical Temple here.
There is an open door here.
You see here a mace.
There is a stone staircase leading down here.
You climb downwards.
There is a stone staircase leading up here.
As you open the door, it creaks loudly!
You hear a shout!
There is an open door here.
u - 2 sedimented green potions (gained 1)
Found a stone staircase leading down.
A troll comes into view.
The troll shouts!
The troll moves out of view.
The troll is too close now for your liking.
Casting: Pain (safe; 10% risk of failure)
Confirm with . or Enter, or press ? or * to list all spells.
Space distorts slightly along a thin shroud covering your body.
Casting: Shroud of Golubria (safe; 34% risk of failure)
Confirm with . or Enter, or press ? or * to list all spells.
You miscast Regeneration.
You are very lightly contaminated with residual magic.
Multicoloured lights dance before your eyes!
Casting: Regeneration (safe; 32% risk of failure)
Confirm with . or Enter, or press ? or * to list all spells.
You miscast Regeneration.
You shiver with cold.
The troll bites you but does no damage. The troll claws you.
Your shroud falls apart!
The troll claws you but does no damage.
You barely miss the troll. The troll bites you. The troll barely misses you.
The troll closely misses you.
You hit the troll.
The troll is poisoned.
The troll is lightly wounded.
The troll closely misses you. The troll claws you!
The troll claws you but does no damage.
You hit the troll.
The troll looks as sick as possible!
The troll is lightly wounded.
You hit the troll.
The troll is moderately wounded.
The troll bites you. The troll completely misses you. The troll claws you.
You hit the troll.
The troll looks as sick as possible!
The troll is moderately wounded.
The troll bites you! The troll claws you but does no damage.
The troll claws you.
Eat one of 2 chunks of flesh {@w0}? (ye/n/q)
You eat one of the 2 chunks of flesh {@w0}.
This raw flesh tastes great!
The troll completely misses you. The troll claws you. The troll claws you!
* * * LOW HITPOINT WARNING * * *
There is an open door here.
All of the chunks of flesh in your inventory have rotted away.
There is a stone staircase leading up here.
You hit the troll.
The troll looks as sick as possible!
The troll is almost dead.
The troll bites you but does no damage. The troll claws you!
* * * LOW HITPOINT WARNING * * *
The troll claws you but does no damage.
Okay, then.
You fade into invisibility!
The troll closely misses you. The troll claws you but does no damage.
The troll claws you.
You die...
Kikubaaqudgha rasps: "You have failed me!
Welcome... oblivion!"

#.##........#
#.#.........#
########.#.........######
.........'...............
.....###.#......#.#######
... #.#......#.# .
#.#......#.# #T#......#.#
#@#......#.# ###......#.#
###....#.# ###....#.#
..........# ####....#.#
#........ #.........#
#........##


You could see a troll.

Vanquished Creatures
  2 sky beasts (D:6)
  An ogre (D:4)
  2 centaurs
  2 bullfrogs
  A scorpion (D:6)
  A crimson imp (D:6)
  A quasit (D:5)
  An orc priest (D:5)
  A hound (D:4)
  A bullfrog skeleton (D:4)
  Natasha (twice) (D:3)
  An iguana (D:4)
  3 orc wizards
  5 worker ants
  6 adders
  An ooze (D:1)
  An adder skeleton (D:4)
  6 worms
  A dart slug (D:1)
  2 leopard geckos
  18 orcs
  6 giant cockroaches
  10 goblins
  16 hobgoblins
  7 jackals
  2 quokkas
  A ball python (D:1)
  5 bats
  8 frilled lizards
  7 kobolds
  A leopard gecko zombie (D:6)
  A quokka skeleton (D:5)
  5 rats
128 creatures vanquished.

Notes
Turn   | Place    | Note
-------+----------+-------------------------------------------
     0 | D:1      | sankara the Ghoul Skald began the quest for the Orb.
     0 | D:1      | Reached XP level 1. HP: 17/17 MP: 2/2
    54 | D:1      | Reached skill level 2 in Maces & Flails
   123 | D:1      | Reached XP level 2. HP: 17/24 MP: 3/3
   235 | D:1      | Found a glowing golden altar of the Shining One.
   462 | D:1      | Reached skill level 3 in Maces & Flails
   557 | D:1      | Reached XP level 3. HP: 27/29 MP: 4/4
   911 | D:2      | Noticed a bullfrog
   924 | D:2      | Killed a bullfrog
   924 | D:2      | Reached skill level 4 in Maces & Flails
   924 | D:2      | Reached XP level 4. HP: 11/35 MP: 5/5
  1261 | D:2      | Reached XP level 5. HP: 38/41 MP: 6/6
  1467 | D:2      | Learned a level 2 spell: Shroud of Golubria
  1471 | D:2      | Learned a level 3 spell: Regeneration
  1541 | D:4      | Reached skill level 5 in Maces & Flails
  1640 | D:4      | Reached XP level 6. HP: 48/48 MP: 7/7
  1782 | D:4      | Reached skill level 6 in Maces & Flails
  2079 | D:4      | Found Vobaqyrch's Assorted Antiques.
  2185 | D:4      | Reached XP level 7. HP: 48/55 MP: 0/8
  2389 | D:4      | Reached skill level 7 in Maces & Flails
  2561 | D:5      | Entered Level 5 of the Dungeon
  3634 | D:6      | Found a staircase to the Ecumenical Temple.
  3640 | Temple   | Entered the Ecumenical Temple
  3788 | Temple   | Became a worshipper of Kikubaaqudgha
  4179 | D:3      | Found a glowing golden altar of the Shining One.
  4179 | D:3      | Noticed Natasha
  4186 | D:3      | Killed Natasha
  4186 | D:3      | Reached skill level 8 in Maces & Flails
  4268 | D:3      | Found a shattered altar of Ashenzari.
  4397 | D:3      | Noticed Natasha
  4409 | D:3      | Killed Natasha
  4409 | D:3      | Reached skill level 1 in Necromancy
  4489 | D:3      | Reached XP level 8. HP: 61/61 MP: 9/9
  4774 | D:6      | Reached * piety under Kikubaaqudgha
  4774 | D:6      | Identified Kikubaaqudgha's Disquisition on Necromancy (Kikubaaqudgha gifted it to you on level 6 of the Dungeon)
  4774 | D:6      | Received a gift from Kikubaaqudgha
  4778 | D:6      | Learned a level 1 spell: Pain
  4894 | D:6      | Found a hide-covered altar of Uskayaw.
  4993 | D:6      | Reached skill level 2 in Necromancy
  5040 | D:6      | Reached skill level 3 in Necromancy
  5544 | D:7      | Noticed a troll
  5554 | D:7      | HP: 11/61 [troll (12)]
  5568 | D:7      | HP: 1/61 [troll (10)]
  5570 | D:7      | Slain by a troll

Vault maps used:
D:1:      kennysheep_arrival_seaside, tso_altar
D:3:      corexii_shack_village, nicolae_overflow_crystal_walls,
          cheibrodos_ashenzari_chains, uniq_natasha
D:4:      cheibrodos_barr_body, serial_shops, nicolae_shop_behind_doors,
          first_ration
D:6:      kennysheep_mini, minmay_temple_entry_hall
D:7:      marbit_many_paths, serial_park_tiny_2
Temple:   regret_index_temple_waves

Skill      XL: |  1  2  3  4  5  6  7  8 |
---------------+-------------------------+-----
Maces & Flails | 2 3 4 5 6 8 |  8.6
Necromancy     | 1 3 |  3.5
Fighting       | |  2.1
Armour         | |  0.8
Dodging        | |  1.7
Spellcasting   | |  1.7
Charms         | |  2.6

Action                   |  1- 3 |  4- 6 |  7- 9 || total
-------------------------+-------+-------+-------++-------
Melee: Mace              |    10 |       |       ||    10
       Whip              |    61 |   181 |   329 ||   571
 Cast: Infusion          |       |     2 |     1 ||     3
       Shroud of Golubri |       |     2 |     5 ||     7
       Pain              |       |       |     3 ||     3
  Use: Scroll            |       |     3 |       ||     3
       Potion            |       |       |     1 ||     1
 Stab: Sleeping          |       |       |     5 ||     5
  Eat: Chunk             |     9 |    22 |    29 ||    60
Armor: Leather armour    |    25 |    66 |    93 ||   184
Dodge: Dodged            |    51 |   108 |   164 ||   323

Table legend:
 A = Spawn XP
 B = Non-spawn XP
 C = Spawn XP percentage of total XP
 D = Spawn monster count
 E = Non-spawn monster count
 F = Spawn count percentage of total count
 G = Total turns spent on level
                    A         B        C        D         E        F      G
               +---------+---------+-------+---------+---------+-------+---------
         Total |       0 |    1772 |   0.0 |       0 |     128 |   0.0 |  5570
               +---------+---------+-------+---------+---------+-------+---------
           D:1 |       0 |      38 |   0.0 |       0 |      20 |   0.0 |   878
           D:2 |       0 |     135 |   0.0 |       0 |      21 |   0.0 |   594
           D:3 |       0 |     144 |   0.0 |       0 |      33 |   0.0 |   651
           D:4 |       0 |     684 |   0.0 |       0 |      25 |   0.0 |  1083
           D:5 |       0 |     153 |   0.0 |       0 |      11 |   0.0 |   934
           D:6 |       0 |     618 |   0.0 |       0 |      18 |   0.0 |  1200
               +---------+---------+-------+---------+---------+-------+---------

Vault maps used:
D:1:      kennysheep_arrival_seaside, tso_altar
D:3:      corexii_shack_village, nicolae_overflow_crystal_walls,
          cheibrodos_ashenzari_chains, uniq_natasha
D:4:      cheibrodos_barr_body, serial_shops, nicolae_shop_behind_doors,
          first_ration
D:6:      kennysheep_mini, minmay_temple_entry_hall
D:7:      marbit_many_paths, serial_park_tiny_2
Temple:   regret_index_temple_waves

Table legend:
 A = Turns spent in this place as a percentage of turns spent in the entire game.
 B = Non-inter-level travel turns spent in this place as a percentage of non-inter-level travel turns spent in the entire game.
 C = Inter-level travel turns spent in this place as a percentage of turns spent in this place.
 D = Turns resting spent in this place as a percentage of non-inter-level travel turns spent in this place.
 E = Turns spent auto-exploring this place as a percentage of non-inter-level travel turns spent in this place.
 F = Non-inter-level travel turns spent in this place divided by the number of levels of this place that you've seen.
                   A       B       C       D       E      F
               +-------+-------+-------+-------+-------+----------------------
         Total | 100.0 | 100.0 |   8.7 |   2.7 |  69.9 | 635.8
       Dungeon |  96.8 |  97.5 |   8.1 |   2.8 |  69.1 | 708.4
        Temple |   3.2 |   2.5 |  27.8 |   0.0 |  98.4 | 127.0
               +-------+-------+-------+-------+-------+----------------------

Table legend:
 A = Kills in this place as a percentage of kills in entire the game.
 B = Kills by you in this place as a percentage of kills by you in the entire game.
 C = Kills by friends in this place as a percentage of kills by friends in the entire game.
 D = Other kills in this place as a percentage of other kills in the entire game.
 E = Experience gained in this place as a percentage of experience gained in the entire game.
 F = Experience gained in this place divided by the number of levels of this place that you have seen.
                   A       B       C       D       E      F
               +-------+-------+-------+-------+-------+----------------------
         Total | 100.0 | 100.0 |   N/A |   N/A | 100.0 | 221.5
       Dungeon | 100.0 | 100.0 |   N/A |   N/A | 100.0 | 253.1
               +-------+-------+-------+-------+-------+----------------------
